 Dungeon Crawl Stone Soup version 0.27.1-4-g1640c2035a (webtiles) character file.

Game seed: 15642883169897941899

0 adizb the Caller (level 1, -2/13 HPs)
             Began as a Barachi Summoner on Nov 15, 2021.
             Slain by a quokka (5 damage)
             ... on level 1 of the Dungeon.
             The game lasted 00:01:40 (41 turns).

adizb the Caller (Barachi Summoner)                   Turns: 41, Time: 00:01:41

Health: -2/13      AC:  2    Str:  9    XL:     1   Next: 10%
Magic:  0/3        EV: 12    Int: 15    God:
Gold:   14         SH:  0    Dex: 12    Spells: 3/4 levels left

rFire    . . .     SeeInvis .   (no weapon)
rCold    . . .     Faith    .   (no shield)
rNeg     . . .     Spirit   .   a - +0 robe
rPois    .         Reflect  .   (no helmet)
rElec    .         Harm     .   (no cloak)
rCorr    .         Rampage  .   (no gloves)
Will     .....                  (no boots)
Stlth    ++........             (no amulet)
HPRegen  0.04/turn              (no ring)
MPRegen  0.08/turn              (no ring)

@: unable to hop, slow
A: amphibious, slowness 1, strong legs 1, +LOS
a: Hop


You were on level 1 of the Dungeon.
You visited 1 branch of the dungeon, and saw 1 of its levels.

You collected 14 gold pieces.

Inventory:

Armour
 a - a +0 robe (worn)


   Skills:
 + Level 2.1 Dodging
 + Level 1.7 Stealth
 + Level 2.1 Spellcasting
 + Level 4.8 Summonings


You had 3 spell levels left.
You knew the following spells:

 Your Spells              Type           Power      Damage    Failure   Level
a - Summon Small Mammal   Summ           64%        N/A       3%          1

Your spell library contained the following spells:

 Spells                   Type           Power      Damage    Failure   Level
 Call Imp                 Summ           16%        N/A       4%          2
 Call Canine Familiar     Summ           16%        N/A       9%          3
 Summon Guardian Golem    Hex/Summ       8%         N/A       24%         3
 Summon Lightning Spire   Summ/Air       8%         N/A       63%         4


Dungeon Overview and Level Annotations

Branches:
Dungeon (1/15)

Altars:


Innate Abilities, Weirdness & Mutations

You are amphibious.
You cover ground slowly.
You can hop short distances.
You have an extended range of vision and can be seen from far away.


Message History

The giant cockroach barely misses your quokka.
Your quokka misses the hobgoblin. The quokka bites your rat.
Your rat dies!
Your rat's corpse disappears in a puff of smoke!
The giant cockroach bites your quokka but does no damage.
Your quokka barely misses the hobgoblin.
The quokka bites your quokka.
Casting: Summon Small Mammal (safe; 3% risk of failure)
Press: ? - help, Q - select action, (/) - cycle Dir - look around, f - activate The hobgoblin misses you.
Your quokka bites the hobgoblin but does no damage.
The quokka bites your quokka.
Your quokka dies!
Your quokka's corpse disappears in a puff of smoke!
Hop to where?
Press: ? - help, Dir - move target Boing!
Your bat closely misses the hobgoblin.
The quokka misses your bat.
Your bat misses the hobgoblin.
Your bat barely misses the hobgoblin.
Something completely misses your bat.
Your bat closely misses the hobgoblin.
The quokka bites your bat.
Your bat dies!
Your bat's corpse disappears in a puff of smoke!
Casting: Summon Small Mammal (safe; 3% risk of failure)
Press: ? - help, Q - select action, (/) - cycle Dir - look around, f - activate The hobgoblin hits you.
The giant cockroach bites your bat.
Your bat barely misses the hobgoblin.
The giant cockroach bites your bat.
The hobgoblin hits you but does no damage.
Something closely misses your bat.
Your bat closely misses the quokka.
Your bat barely misses the quokka.
The quokka bites you.
* * * LOW HITPOINT WARNING * * *
Your bat hits the hobgoblin but does no damage.
Your bat closely misses the quokka.
The giant cockroach bites your bat.
Your bat dies!
Your bat's corpse disappears in a puff of smoke!
The quokka bites you.
You die...

##...B.K...#####.##....§
##....r#.....###...# ####
##.....###.....##...#
#....K#####.....#...#
#.....#B....#.....####
#.....###§g.###.....#
#.....#####.#####.....#
.....#......r....#.....#
....###....<.@..###......#
...# ##.......## ##.....#
..# ....#.....#.... #....#
.# #...###...###...# #...#
##.# ##.## #.## #..# ...
... ... ... ## ##.. ...
### ###


You could see a quokka, a giant cockroach, a hobgoblin and a kobold.

Vanquished Creatures (collateral kills)
  A ball python (D:1)
1 creature vanquished.

Notes
Turn   | Place    | Note
-------+----------+-------------------------------------------
     0 | D:1      | adizb the Barachi Summoner began the quest for the Orb.
     0 | D:1      | Reached XP level 1. HP: 13/13 MP: 3/3
    41 | D:1      | Slain by a quokka

Illustrated notes

Levels and vault maps discovered:
D:1:      onia_arrival_pyramid, layout_basic, serial_shops, shop, shop,
          nicolae_shop_waterfront, nicolae_square_shop, shop,
          kennysheep_decorative_pillar

Action                   || total
-------------------------++-------
 Cast: Summon Small Mamm ||     5
 Abil: Hop               ||     1
Armor: Robe              ||     1
Dodge: Dodged            ||     2
